3AAA
TREMONT DOUBLEDAYS @ HIALEAH DODOS
05/21/2026
 
TOP OF THE 1ST
Tremont Doubledays batting - Pitching for Hialeah Dodos : RHP Huai-yu Kan
Pitching: RHP Huai-yu Kan
Batting: RHB David Pérez 0-0: Foul Ball, location: 2F
0-1: Foul Ball, location: 2F
0-2: Ball
1-2: Strikes out looking
Batting: RHB Manuel Martínez 0-0: Ball
1-0: Ball
2-0: Fly out, F8 (Flyball, 8LD)
Batting: RHB Menno van de Vlugt 0-0: Ball
1-0: SINGLE (Groundball, 56S) (infield hit)
Batting: RHB Arturo Morales 0-0: Ball
1-0: Foul Ball, location: 2F
1-1: Ball
2-1: Fly out, F8 (Flyball, 8LD)
Top of the 1st over - 0 run(s), 1 hit(s), 0 error(s), 1 left on base; Tremont 0 - Hialeah 0
BOTTOM OF THE 1ST
Hialeah Dodos batting - Pitching for Tremont Doubledays : RHP Jim Unknown
Pitching: RHP Jim Unknown
Batting: RHB Jorge Salgado 0-0: SINGLE (Line Drive, 7S)
Batting: LHB Errol Levick 0-0: Ball
Jorge Salgado steals 2nd base
1-0: Ball
2-0: Foul Ball, location: 2F
2-1: Fly out, F8 (Flyball, 8RXD)
Runner from 2nd tags up, SAFE at 3rd, no throw
Batting: LHB Álex Burgos 0-0: Fly out, F9 (Flyball, 89XD)
Runner from 3rd tags up, SCORES, no throw
Batting: RHB Vincente Rotham 0-0: Ball
1-0: Ground out 1-3 (Groundball, 15S)
Bottom of the 1st over - 1 run(s), 1 hit(s), 0 error(s), 0 left on base; Tremont 0 - Hialeah 1
TOP OF THE 2ND
Tremont Doubledays batting - Pitching for Hialeah Dodos : RHP Huai-yu Kan
Batting: LHB Cornelius Taitt 0-0: Ball
1-0: Ball
2-0: Ball
3-0: Called Strike
3-1: Base on Balls
Batting: RHB Mario Rivera 0-0: Called Strike
0-1: Ball
1-1: SINGLE (Groundball, 6MD)
Cornelius Taitt to second
Runner from 2nd tries for 3rd, SAFE, no throw
Batting: RHB José Cervantes 0-0: Called Strike
0-1: Ball
1-1: Foul Ball, location: 2F
1-2: Foul Ball, location: 2F
1-2: Ball
2-2: Reached on error, E5 (Groundball, 5)
Cornelius Taitt scores
Mario Rivera to second
Batting: RHB Jim Unknown 0-0: Ball
1-0: Ball
2-0: SINGLE (Line Drive, 89M)
Mario Rivera to third
José Cervantes to second
Batting: LHB Jim Unknown 0-0: Called Strike
0-1: Ball
1-1: Ball
2-1: Ball
3-1: Foul Ball, location: 2F
3-2: Base on Balls
Mario Rivera scores
José Cervantes to third
Jim Unknown to second
Batting: RHB David Pérez 0-0: Swinging Strike
0-1: Ball
1-1: Called Strike
1-2: Foul Ball, location: 2F
1-2: SINGLE (Groundball, 4MD)
José Cervantes scores
Jim Unknown to third
Jim Unknown to second
Runner from 3rd tries for Home, SAFE, throw made home
Jim Unknown to third
David Pérez to second
Batting: RHB Manuel Martínez 0-0: Called Strike
0-1: Ball
1-1: Swinging Strike
1-2: Foul Ball, location: 2F
1-2: Foul Ball, location: 2F
1-2: Strikes out swinging
Batting: RHB Menno van de Vlugt 0-0: Ball
1-0: Ball
2-0: Ball
3-0: Base on Balls
Batting: RHB Arturo Morales 0-0: Called Strike
0-1: Reaches on Catchers interference
Jim Unknown scores
David Pérez to third
Menno van de Vlugt to second
Batting: LHB Cornelius Taitt 0-0: Ball
1-0: Called Strike
1-1: Ball
2-1: Foul Ball, location: 2F
2-2: Fly out, F7 (Line Drive, 78D)
Runner from 3rd tags up, SCORES, no throw
Batting: RHB Mario Rivera 0-0: Called Strike
0-1: Ball
1-1: Foul Ball, location: 2F
1-2: Fielders Choice at 2nd, 6-4 (Groundball, 6)
Top of the 2nd over - 6 run(s), 3 hit(s), 2 error(s), 1 left on base; Tremont 6 - Hialeah 1
BOTTOM OF THE 2ND
Hialeah Dodos batting - Pitching for Tremont Doubledays : RHP Jim Unknown
Batting: RHB Aurelio Álvarez 0-0: Foul Ball, location: 2F
0-1: Ball
1-1: Foul Ball, location: 2F
1-2: SINGLE (Line Drive, 6M)
Batting: RHB David Abreu 0-0: Ball
1-0: Fly out, F3 (Line Drive, 3)
Batting: RHB Zander Bailey 0-0: Ball
1-0: Called Strike
1-1: SINGLE (Flyball, 78S)
Aurelio Álvarez to second
Batting: RHB Diego Bonilla 0-0: Called Strike
0-1: Fly out, F8 (Flyball, 8LM)
Batting: RHB Armando García 0-0: Fly out, F5 (Line Drive, 5)
Bottom of the 2nd over - 0 run(s), 2 hit(s), 0 error(s), 2 left on base; Tremont 6 - Hialeah 1
TOP OF THE 3RD
Tremont Doubledays batting - Pitching for Hialeah Dodos : RHP Huai-yu Kan
Batting: RHB José Cervantes 0-0: Called Strike
0-1: SINGLE (Groundball, 3D)
Batting: RHB Jim Unknown 0-0: Ball
1-0: Ball
Throwing error on steal attempt, E2
José Cervantes to third
2-0: Called Strike
2-1: Swinging Strike
2-2: Ground out 6-3 (Groundball, 56)
José Cervantes scores
Batting: LHB Jim Unknown 0-0: Ball
1-0: Ground out 1-3 (Groundball, P)
Batting: RHB David Pérez 0-0: Called Strike
0-1: Ball
1-1: Ball
2-1: Ball
3-1: Foul Ball, location: 2F
3-2: Base on Balls
Batting: RHB Manuel Martínez 0-0: Called Strike
0-1: Foul Ball, location: 2F
0-2: Ball
David Pérez is caught stealing 2nd base
Top of the 3rd over - 1 run(s), 1 hit(s), 1 error(s), 0 left on base; Tremont 7 - Hialeah 1
BOTTOM OF THE 3RD
Hialeah Dodos batting - Pitching for Tremont Doubledays : RHP Jim Unknown
Batting: RHB Jorge Salgado 0-0: Called Strike
0-1: Swinging Strike
0-2: Strikes out looking
Batting: LHB Errol Levick 0-0: Ball
1-0: Called Strike
1-1: Called Strike
1-2: SOLO HOME RUN (Line Drive, 9LD), Distance : 352 ft
Batting: LHB Álex Burgos 0-0: Ball
1-0: Ball
2-0: Called Strike
2-1: Ball
3-1: Ground out U3 (Groundball, 3S)
Batting: RHB Vincente Rotham 0-0: Ball
1-0: Ball
2-0: Foul Ball, location: 2F
2-1: Foul Ball, location: 2F
2-2: TRIPLE (Line Drive, 78M)
Batting: RHB Aurelio Álvarez 0-0: Ball
1-0: Ball
2-0: Fly out, F7 (Line Drive, 7D)
Bottom of the 3rd over - 1 run(s), 2 hit(s), 0 error(s), 1 left on base; Tremont 7 - Hialeah 2
TOP OF THE 4TH
Tremont Doubledays batting - Pitching for Hialeah Dodos : RHP Huai-yu Kan
Batting: RHB Manuel Martínez 0-0: Ball
1-0: Swinging Strike
1-1: Ball
2-1: Foul Ball, location: 2F
2-2: Ball
3-2: Foul Ball, location: 2F
3-2: Fly out, F4 (Line Drive, 4MD)
Batting: RHB Menno van de Vlugt 0-0: Called Strike
0-1: Called Strike
0-2: SINGLE (Popup, 56D)
Batting: RHB Arturo Morales 0-0: Called Strike
0-1: SINGLE (Flyball, 8RS)
Menno van de Vlugt to second
Batting: LHB Cornelius Taitt 0-0: Ball
1-0: Ball
2-0: Called Strike
2-1: Foul Ball, location: 2F
2-2: Ball
3-2: Fielders Choice at 2nd, 4-6 (Groundball, 4)
Menno van de Vlugt to third
Batting: RHB Mario Rivera 0-0: Ball
1-0: Foul Ball, location: 2F
1-1: Ground out 1-3 (Groundball, 13S)
Top of the 4th over - 0 run(s), 2 hit(s), 0 error(s), 2 left on base; Tremont 7 - Hialeah 2
BOTTOM OF THE 4TH
Hialeah Dodos batting - Pitching for Tremont Doubledays : RHP Jim Unknown
Batting: RHB David Abreu 0-0: Ball
1-0: SINGLE (Line Drive, 4M)
Batting: RHB Zander Bailey 0-0: Called Strike
David Abreu steals 2nd base
0-1: Ball
1-1: Fly out, F7 (Line Drive, 7)
Batting: RHB Diego Bonilla 0-0: Foul Ball, location: 2F
0-1: Called Strike
0-2: Ball
1-2: SINGLE (Flyball, 9LS)
David Abreu to third
Runner from 3rd tries for Home, throw and OUT!
Diego Bonilla to second
Batting: RHB Armando García 0-0: Swinging Strike
0-1: Foul Ball, location: 2F
0-2: Ball
1-2: Strikes out swinging
Bottom of the 4th over - 0 run(s), 2 hit(s), 0 error(s), 1 left on base; Tremont 7 - Hialeah 2
TOP OF THE 5TH
Tremont Doubledays batting - Pitching for Hialeah Dodos : RHP Huai-yu Kan
Pitching: RHP Manuel Vázquez
Batting: RHB José Cervantes 0-0: Ground out 6-3 (Groundball, 6)
Batting: RHB Jim Unknown 0-0: Called Strike
0-1: Swinging Strike
0-2: Ball
1-2: Ball
2-2: Foul Ball, location: 2F
2-2: Ball
3-2: Base on Balls
Batting: LHB Jim Unknown 0-0: Ball
1-0: Fielders Choice at 2nd, 3-6 (Groundball, 34)
Batting: RHB David Pérez 0-0: Ball
1-0: Fielders Choice at 2nd, 5-4 (Groundball, 56)
Top of the 5th over - 0 run(s), 0 hit(s), 0 error(s), 0 left on base; Tremont 7 - Hialeah 2
BOTTOM OF THE 5TH
Hialeah Dodos batting - Pitching for Tremont Doubledays : RHP Jim Unknown
Batting: RHB Jorge Salgado 0-0: Called Strike
0-1: Fly out, F7 (Flyball, 78M)
Batting: LHB Errol Levick 0-0: Foul Ball, location: 2F
0-1: Ground out 4-3 (Groundball, 4)
Batting: LHB Álex Burgos 0-0: Ball
1-0: Ball
2-0: Called Strike
2-1: Foul Ball, location: 2F
2-2: Fly out, F9 (Flyball, 9S)
Bottom of the 5th over - 0 run(s), 0 hit(s), 0 error(s), 0 left on base; Tremont 7 - Hialeah 2
TOP OF THE 6TH
Tremont Doubledays batting - Pitching for Hialeah Dodos : RHP Manuel Vázquez
Batting: RHB Manuel Martínez 0-0: Ball
1-0: Ball
2-0: Ball
3-0: Called Strike
3-1: Foul Ball, location: 2F
3-2: Foul Ball, location: 2F
3-2: Reached on error, E4 (Groundball, 4)
Batting: RHB Menno van de Vlugt 0-0: Ball
1-0: Foul Ball, location: 2F
1-1: Foul Ball, location: 2F
1-2: Ground out 5-3 (Groundball, 56)
Batting: RHB Arturo Morales 0-0: Foul Ball, location: 2F
0-1: Foul Ball, location: 2F
0-2: Ball
1-2: Ball
2-2: Ball
3-2: Ground out 6-3 (Groundball, 56)
Batting: LHB Cornelius Taitt 0-0: Foul Ball, location: 2F
0-1: Ball
1-1: Foul Ball, location: 2F
1-2: Ball
2-2: Ball
3-2: Ground out 1-3 (Groundball, 15S)
Top of the 6th over - 0 run(s), 0 hit(s), 1 error(s), 1 left on base; Tremont 7 - Hialeah 2
BOTTOM OF THE 6TH
Hialeah Dodos batting - Pitching for Tremont Doubledays : RHP Jim Unknown
Batting: RHB Vincente Rotham 0-0: Foul Ball, location: 2F
0-1: Swinging Strike
0-2: SINGLE (Flyball, 8RS)
Batting: RHB Aurelio Álvarez 0-0: Ball
Vincente Rotham steals 2nd base
1-0: Ground out 5-3 (Groundball, 56)
Batting: RHB David Abreu 0-0: Called Strike
Vincente Rotham steals 3rd base
0-1: Fly out, F6 (Line Drive, 6MS)
Batting: RHB Zander Bailey 0-0: Ball
1-0: Called Strike
1-1: Foul Ball, location: 2F
1-2: Foul Ball, location: 2F
1-2: Ball
2-2: Fly out, F8 (Flyball, 8LS)
Bottom of the 6th over - 0 run(s), 1 hit(s), 0 error(s), 1 left on base; Tremont 7 - Hialeah 2
TOP OF THE 7TH
Tremont Doubledays batting - Pitching for Hialeah Dodos : RHP Manuel Vázquez
Batting: RHB Mario Rivera 0-0: Ball
1-0: Called Strike
1-1: Foul Ball, location: 2F
1-2: SINGLE (Flyball, 4MD)
Batting: RHB José Cervantes 0-0: Called Strike
0-1: Called Strike
0-2: Ball
1-2: Foul Ball, location: 2F
1-2: SINGLE (Line Drive, 4M)
Mario Rivera to second
Batting: RHB Jim Unknown 0-0: Swinging Strike
0-1: Ground out 5-3 (Groundball, 56S)
Mario Rivera to third
José Cervantes to second
Batting: LHB Jim Unknown 0-0: Called Strike
0-1: Ball
1-1: Ball
2-1: SINGLE (Line Drive, 9S)
Mario Rivera scores
José Cervantes to third
Runner from 3rd tries for Home, SAFE, no throw
Batting: RHB David Pérez 0-0: Fielders Choice at 2nd, 6-4 (Groundball, 56)
Batting: RHB Manuel Martínez 0-0: Foul Ball, location: 2F
0-1: Ball
1-1: Foul Ball, location: 2F
1-2: Ground out U3 (Groundball, 34)
Top of the 7th over - 2 run(s), 3 hit(s), 0 error(s), 1 left on base; Tremont 9 - Hialeah 2
BOTTOM OF THE 7TH
Hialeah Dodos batting - Pitching for Tremont Doubledays : RHP Jim Unknown
Batting: RHB Diego Bonilla 0-0: SINGLE (Groundball, 4MD)
Batting: RHB Armando García 0-0: Ball
1-0: Ball
2-0: Called Strike
2-1: Called Strike
2-2: Strikes out swinging
Diego Bonilla is caught stealing 2nd base
Batter strikes out.
Batting: RHB Jorge Salgado 0-0: Foul Ball, location: 2F
0-1: Ball
1-1: SINGLE (Line Drive, 56)
Batting: LHB Errol Levick 0-0: Called Strike
0-1: Ball
1-1: Ball
Jorge Salgado is caught stealing 2nd base
Bottom of the 7th over - 0 run(s), 2 hit(s), 0 error(s), 0 left on base; Tremont 9 - Hialeah 2
TOP OF THE 8TH
Tremont Doubledays batting - Pitching for Hialeah Dodos : RHP Manuel Vázquez
Pitching: LHP Jeff Burrell
Batting: RHB Menno van de Vlugt 0-0: Ball
1-0: Ground out 5-3 (Groundball, 5)
Batting: RHB Arturo Morales 0-0: Called Strike
0-1: Ball
1-1: Swinging Strike
1-2: Ball
2-2: Strikes out swinging
Batting: LHB Cornelius Taitt 0-0: Ball
1-0: TRIPLE (Flyball, 78XD)
Batting: RHB Mario Rivera 0-0: Ball
1-0: Ball
2-0: Ball
3-0: Called Strike
3-1: Foul Ball, location: 2F
3-2: Base on Balls
Batting: RHB José Cervantes 0-0: Ball
1-0: Called Strike
1-1: Swinging Strike
1-2: Foul Ball, location: 2F
1-2: Foul Ball, location: 2F
1-2: 3-RUN HOME RUN (Flyball, 78XD), Distance : 423 ft
Batting: RHB Jim Unknown 0-0: Ball
1-0: Swinging Strike
1-1: Ball
2-1: Foul Ball, location: 2F
2-2: Ball
3-2: Fly out, F8 (Flyball, 8RD)
Top of the 8th over - 3 run(s), 2 hit(s), 0 error(s), 0 left on base; Tremont 12 - Hialeah 2
BOTTOM OF THE 8TH
Hialeah Dodos batting - Pitching for Tremont Doubledays : RHP Jim Unknown
Batting: LHB Errol Levick 0-0: Ground out 4-3 (Groundball, 34)
Batting: LHB Álex Burgos 0-0: SOLO HOME RUN (Flyball, 9LD), Distance : 356 ft
Batting: RHB Vincente Rotham 0-0: Hit by Pitch, AND HE CHARGES THE MOUND! The benches clear!
Pitching: LHP Jim Unknown
Pinch Runner at 1st Gerald Sims:
Batting: RHB Aurelio Álvarez 0-0: Foul Ball, location: 2F
0-1: Foul Ball, location: 2F
0-2: Ball
1-2: Foul Ball, location: 2F
1-2: Ball
2-2: Foul Ball, location: 2F
2-2: Ball
3-2: Fly out, F8 (Line Drive, 8RM)
Batting: RHB David Abreu 0-0: Foul Ball, location: 2F
0-1: Called Strike
0-2: Ball
1-2: Strikes out swinging
Bottom of the 8th over - 1 run(s), 1 hit(s), 0 error(s), 1 left on base; Tremont 12 - Hialeah 3
TOP OF THE 9TH
Tremont Doubledays batting - Pitching for Hialeah Dodos : LHP Jeff Burrell
Pitching: RHP Santiago Maes
Now at SS: Gerald Sims
Batting: LHB Jim Unknown 0-0: Foul Ball, location: 2F
0-1: Ball
1-1: Foul Ball, location: 2F
1-2: Fly out, F8 (Flyball, 8LS)
Batting: RHB David Pérez 0-0: Foul Ball, location: 2F
0-1: Ground out 5-3 (Groundball, 56)
Batting: RHB Manuel Martínez 0-0: Called Strike
0-1: Ball
1-1: Foul Ball, location: 2F
1-2: Ball
2-2: Fly out, F8 (Flyball, 78M)
Top of the 9th over - 0 run(s), 0 hit(s), 0 error(s), 0 left on base; Tremont 12 - Hialeah 3
BOTTOM OF THE 9TH
Hialeah Dodos batting - Pitching for Tremont Doubledays : LHP Jim Unknown
Batting: RHB Zander Bailey 0-0: Ball
1-0: Ball
2-0: Called Strike
2-1: SINGLE (Groundball, 6D)
Batting: RHB Diego Bonilla 0-0: Called Strike
0-1: Hit by Pitch
Zander Bailey to second
Batting: RHB Armando García 0-0: Foul Ball, location: 2F
0-1: Swinging Strike
0-2: Foul Ball, location: 2F
0-2: Ball
1-2: Ball
2-2: Fly out, F7 (Flyball, 7S)
Batting: RHB Jorge Salgado 0-0: Ball
1-0: Fly out, F4 (Line Drive, 4)
Lined into DP, 4-6 (Line Drive, 4)
Bottom of the 9th over - 0 run(s), 1 hit(s), 0 error(s), 1 left on base; Tremont 12 - Hialeah 3
Monday, March 20th, 2017 - OOTP Baseball 17.12 Build 75